 Dungeon Crawl Stone Soup version 0.25.1-2-g60ff931df9 (webtiles) character file.

Game seed: 1124613942707490701

998 ArchParadox the Chiller (level 8, 0/44 HPs)
             Began as a Deep Elf Ice Elementalist on Oct 10, 2020.
             Was an Initiate of Sif Muna.
             Slain by a yak (14 damage)
             ... on level 6 of the Dungeon.
             The game lasted 00:39:22 (6463 turns).

ArchParadox the Chiller (Deep Elf Ice Elementalist) Turns: 6463, Time: 00:39:23

Health: 0/44       AC:  6    Str:  7    XL:     8   Next: 0%
Magic:  12/16      EV: 15    Int: 21    God:    Sif Muna [......]
Gold:   161        SH:  5    Dex: 15    Spells: 8/16 levels left

rFire    . . .     SeeInvis .   J - +3 spear (freeze)
rCold    . . .     Gourm    .   (no shield)
rNeg     + . .     Faith    .   a - +0 robe
rPois    .         Spirit   .   z - +0 helmet
rElec    .         Reflect  +   y - +1 cloak
rCorr    .         Harm     .   (no gloves)
MR       .....                  H - +0 pair of boots
Stlth    ++........             D - amulet of reflection
HPRegen  0.14/turn              q - ring of positive energy
MPRegen  0.15/turn              (no ring)

@: no status effects
A: no striking features
a: Renounce Religion


You were on level 6 of the Dungeon.
You worshipped Sif Muna.
Sif Muna was noncommittal.
You were hungry.

You visited 2 branches of the dungeon, and saw 8 of its levels.

You collected 161 gold pieces.

Inventory:

Hand Weapons
 d - a +0 quarterstaff of draining
 e - a +0 dagger
 s - a +0 quarterstaff
 I - a +3 quarterstaff of chaos
 J - a +3 spear of freezing (weapon)
 M - the +7 short sword "Ricat" {protect, rElec MR++ Int-5 Dex+4, unknown}
   (You found it on level 6 of the Dungeon)

   It grants its wielder temporary protection when it strikes (+7 to AC).
   It affects your intelligence (-5).
   It affects your dexterity (+4).
   It insulates you from electricity.
   It affects your resistance to hostile enchantments.
 O - a +0 morningstar
 P - a +2 whip of electrocution
 R - a +0 shortbow
Missiles
 h - 183 stones (quivered)
 r - a javelin
 x - 76 arrows
 B - 7 boomerangs
Armour
 a - a +0 robe (worn)
 j - a +0 cloak
 p - a +0 cloak
 y - a +1 cloak (worn)
 z - a +0 helmet (worn)
 C - a +0 kite shield
 H - a +0 pair of boots (worn)
 N - the +1 leather armour "Dismefuruy" {Str+3 Int+6, unknown}
   (You found it on level 5 of the Dungeon)

   It affects your strength (+3).
   It affects your intelligence (+6).
Jewellery
 q - a ring of positive energy (left hand)
 v - the ring "Jinokh" {Wiz Str+6 Dex-2 Slay+2}
   (You took it off an orc on level 4 of the Dungeon)

   [ring of wizardry]

   It improves your spell success rate.
   It affects your strength (+6).
   It affects your dexterity (-2).
   It affects your accuracy and damage with ranged weapons and melee attacks
   (+2).
 D - an amulet of reflection (around neck)
Wands
 E - a wand of clouds (3)
 L - a wand of iceblast (4)
Scrolls
 b - a scroll of fog {unknown}
 f - 2 scrolls of enchant armour {unknown}
 g - 3 scrolls of teleportation
 o - a scroll of noise
 t - a scroll of immolation {unknown}
 u - a scroll of magic mapping {unknown}
 A - a scroll of blinking {unknown}
 K - a scroll of enchant weapon {unknown}
Potions
 i - 2 potions of ambrosia {unknown}
 k - a potion of might {unknown}
 l - 4 potions of stabbing {unknown}
 m - a potion of flight {unknown}
 n - 2 potions of lignification {unknown}
 w - a potion of degeneration {unknown}
 F - a potion of cancellation {unknown}
 G - 2 potions of mutation {unknown}
 Q - a potion of berserk rage {unknown}
Comestibles
 c - 10 rations


   Skills:
 - Level 2.1 Fighting
 + Level 5.4 Dodging
 - Level 2.4 Stealth
 + Level 3.3 Shields
 - Level 4.5 Spellcasting
 - Level 4.0 Summonings
 - Level 6.4 Ice Magic


You had 8 spell levels left.
You knew the following spells:

 Your Spells              Type           Power        Failure   Level  Hunger
a - Freeze                Ice            ####         1%          1    None
b - Frozen Ramparts       Ice            ####..       2%          3    ##.....
c - Summon Ice Beast      Ice/Summ       ####....     13%         4    ####...

Your spell library contained the following spells:

 Spells                   Type           Power        Failure   Level  Hunger
 Ozocubu's Armour         Chrm/Ice       ###.....     9%          3    ##.....
 Hailstorm                Conj/Ice       ###.....     30%         4    ####...


Dungeon Overview and Level Annotations

Branches:
Dungeon (7/15)             Temple (1/1) D:4

Altars:
Ashenzari
Cheibriados
Elyvilon
Fedhas
Gozag
Hepliaklqana
Kikubaaqudgha
Makhleb
Nemelex Xobeh
Okawaru
Qazlal
Sif Muna
Uskayaw
Wu Jian
Xom
Yredelemnul
Zin
The Shining One

Annotations:
D:3 Grinder
D:6 2 transporters, Gaxx's ghost, weakling DsGl


Message History

Your Shields skill increases to level 3!
You have reached level 8!
You feel clever.
The wall freezes the yak!
You are too injured to fight recklessly!
Attack whom?
Press: ? - help, Dir - move target cursor, f - yak
Aim: a yak (severely wounded)
You reach to attack!
You hit the yak but do no damage.
The yak is severely wounded.
The frozen ramparts melt away.
Casting: Frozen Ramparts (dangerous; 2% risk of failure)
Confirm with . or Enter, or press ? or * to list all spells.
Aiming: Freeze (safe; 1% risk of failure)
Press: ? - help, Shift-Dir - straight line, f/p - yak
Aim: a yak (severely wounded)
You freeze the yak.
The yak is severely wounded.
The yak gores you!
You die...

###..# #.#. # ..# #.#. .
... .Z# ###.#.##. #.# ...
........ #.# ##
####..>.### #.# ..
......#...# #.###.#
#...#.## #.#...#
##.#...###...### ######
#.#.#@Y.......#
.....#######.#...#######.#
####.........#####
###########


You could see a yak.

Vanquished Creatures
  A yak (D:6)
  An ice beast (D:5)
  A centaur (D:6)
  2 scorpions (D:5)
  2 hounds (D:5)
  3 orc wizards
  Crazy Yiuf (D:3)
  2 orc priests (D:4)
  2 worker ants (D:5)
  A hound skeleton (D:4)
  Robin (D:3)
  4 gnolls (D:2)
  A howler monkey skeleton (D:4)
  5 adders
  3 oozes
  5 worms (D:2)
  4 dart slugs
  4 leopard geckos
  11 orcs
  6 giant cockroaches
  11 hobgoblins
  A quokka (D:6)
  2 ball pythons (D:2)
  8 bats
  14 frilled lizards
  17 goblins
  4 kobolds
  7 rats
  2 fungi (D:3)
126 creatures vanquished.

Vanquished Creatures (collateral kills)
  A bullfrog zombie (D:5)
  A worker ant (D:5)
  A leopard gecko skeleton (D:5)
3 creatures vanquished.

Vanquished Creatures (others)
  A yak (D:6)
  Ijyb (D:3)
  A worker ant (D:6)
  An adder skeleton (D:6)
  A leopard gecko (D:6)
  2 orcs (D:6)
7 creatures vanquished.

Grand Total: 136 creatures vanquished

Notes
Turn   | Place    | Note
-------+----------+-------------------------------------------
     0 | D:1      | ArchParadox the Deep Elf Ice Elementalist began the quest
                  | for the Orb.
     0 | D:1      | Reached XP level 1. HP: 10/10 MP: 6/6
    91 | D:1      | Reached XP level 2. HP: 16/16 MP: 6/8
   584 | D:1      | Reached skill level 5 in Ice Magic
   585 | D:1      | Reached XP level 3. HP: 14/20 MP: 1/10
   941 | D:2      | Learned a level 3 spell: Frozen Ramparts
   956 | D:2      | Reached skill level 1 in Fighting
  1299 | D:2      | Reached XP level 4. HP: 25/25 MP: 7/11
  1976 | D:2      | Reached XP level 5. HP: 29/29 MP: 8/13
  2361 | D:3      | Found a runed translucent door.
  2362 | D:3      | Noticed Crazy Yiuf
  2478 | D:3      | Noticed Robin
  2493 | D:3      | Killed Robin
  2494 | D:3      | Reached skill level 6 in Ice Magic
  2644 | D:3      | Learned a level 4 spell: Summon Ice Beast
  2782 | D:3      | Noticed Grinder
  2811 | D:3      | Noticed Ijyb
  2837 | D:3      | Killed Ijyb
  2962 | D:3      | Reached skill level 1 in Summonings
  3064 | D:3      | Killed Crazy Yiuf
  3201 | D:5      | Entered Level 5 of the Dungeon
  3483 | D:3      | Paralysed by Grinder for 7 turns
  3787 | D:4      | Identified the ring "Jinokh" {Wiz Str+6 Dex-2 Slay+2}
  3984 | D:4      | Reached XP level 6. HP: 33/35 MP: 9/14
  4038 | D:4      | Found a staircase to the Ecumenical Temple.
  4775 | Temple   | Entered the Ecumenical Temple
  5114 | Temple   | Became a worshipper of Sif Muna the Loreminder
  5168 | D:5      | Got a masterwork leather armour
  5186 | D:5      | Reached skill level 1 in Shields
  5236 | D:5      | Noticed an ice beast
  5358 | D:6      | Found a shimmering altar of Xom.
  5358 | D:6      | Noticed a yak
  5435 | D:5      | Reached XP level 7. HP: 40/40 MP: 9/15
  6169 | D:6      | Killed a yak
  6182 | D:7      | Noticed a hippogriff
  6245 | D:6      | Noticed Gaxx's ghost (weakling DsGl)
  6246 | D:6      | Found a transporter.
  6248 | D:6      | Found a transporter.
  6252 | D:6      | Noticed a hornet
  6334 | D:6      | Got a smoking short sword
  6447 | D:6      | Noticed a yak
  6447 | D:6      | Noticed a yak
  6460 | D:6      | Killed a yak
  6460 | D:6      | Reached skill level 5 in Dodging
  6460 | D:6      | Reached XP level 8. HP: 13/44 MP: 13/16
  6463 | D:6      | Slain by a yak

Illustrated notes

Levels and vault maps discovered:
D:1:      psy_arrival_whirlpool, layout_rooms, minivault_26, minmay_lizard_king
D:2:      minmay_door_path, layout_loops_ring
D:3:      kennysheep_the_goblin_king, layout_rooms, small_statue_intersection,
          st_stairs_11, uniq_grinder, uniq_robin, uniq_crazy_yiuf_cottage
D:4:      layout_loops_corners, minmay_temple_entry_glassed_door, first_ration,
          minmay_bisected
D:5:      layout_basic, kennysheep_nondescript
D:6:      layout_loops_ring, marbit_many_paths, gammafunk_ghost_hive,
          xom_confusion_cloud
D:7:      lemuel_castle_with_subvaults [lemuel_castle_interior_carwin_1],
          layout_basic, vehumet_altar_wand_db, overflow_temple_1_default,
          serial_shops, shop, the_bakery, corexii_leaking_fountain
Temple:   hc_temple_tempest_star

Skill      XL: |  1  2  3  4  5  6  7 |
---------------+----------------------+-----
Ice Magic      | 5 6 |  6.4
Fighting       | 1 2 |  2.1
Spellcasting   | 4 |  4.5
Summonings     | 1 3 4 |  4.0
Dodging        | 3 5 |  5.4
Shields        | 1 3 |  3.3
Stealth        | |  2.4

Action                   |  1- 3 |  4- 6 |  7- 9 || total
-------------------------+-------+-------+-------++-------
Melee: Dagger            |    27 |   106 |       ||   133
       Quarterstaff      |       |    21 |       ||    21
       Spear             |       |    40 |    43 ||    83
Throw: Stone             |     3 |     2 |       ||     5
       Throwing net      |       |     2 |       ||     2
       Javelin           |       |     1 |       ||     1
 Cast: Freeze            |    36 |    19 |     2 ||    57
       Frozen Ramparts   |     7 |    32 |     4 ||    43
       Summon Ice Beast  |       |       |     3 ||     3
  Use: Scroll            |       |     8 |     1 ||     9
 Stab: Sleeping          |     1 |     1 |       ||     2
       Held in net/web   |       |     1 |       ||     1
       Distracted        |       |       |     1 ||     1
  Eat: Chunk             |     1 |     9 |     3 ||    13
       Ration            |       |     2 |       ||     2
Armor: Robe              |     8 |    33 |     7 ||    48
Dodge: Dodged            |    30 |    56 |     8 ||    94
Block: Other             |       |    11 |     7 ||    18
       Reflection        |       |       |     1 ||     1
